 Dungeon Crawl Stone Soup version 0.18.1-2-ga659475 (webtiles) character file.

221362 oplop the Spry (level 18, -10/96 HPs)
             Began as a Spriggan Enchanter on May 8, 2016.
             Was the Champion of Dithmenos.
             Mangled by a vault warden (27 damage)
             ... on level 2 of the Vaults.
             The game lasted 02:21:55 (36254 turns).

oplop the Spry (Spriggan Enchanter)                Turns: 36254, Time: 02:21:56

Health: -10/96     AC:  8    Str:  4    XL:     18   Next: 50%
Magic:  12/31      EV: 36    Int: 21    God:    Dithmenos [******]
Gold:   2370       SH:  9    Dex: 20    Spells: 6 memorised, 23 levels left

rFire  . . .     SeeInvis +     Q - +9 rapier of Neurosis {speed, +Fly rC+++}
rCold  + + +     Gourm    .     O - +2 robe {MR+}
rNeg   . . .     Faith    .     A - +0 buckler
rPois  +         Spirit   .     k - +2 hat {rC+}
rElec  +         Dismiss  .     b - +0 cloak {rPois}
rCorr  .         Reflect  .     (gloves unavailable)
SustAt .         Harm     .     (boots unavailable)
MR     +++++                    x - amulet of magic regeneration
Stlth  ++++++++++               s - ring of protection from magic
                                a - ring of wizardry

@: wreathed by umbra, studying Shields, deflect missiles, very quick, almost
entirely resistant to hostile enchantments, uncannily stealthy
A: unfitting armour, molten scales 1, see invisible, herbivore 3, speed 3, low
mp 1, mutation resistance 1, electricity resistance, slow metabolism 2
a: Shadow Step, Shadow Form, Renounce Religion, Evoke Flight
}: 1/15 runes: serpentine


You were on level 2 of the Vaults.
You worshipped Dithmenos.
Dithmenos was exalted by your worship.
You were not hungry.

You visited 6 branches of the dungeon, and saw 32 of its levels.
You also visited: Labyrinth, Ossuary and Ice Cave.

You collected 3050 gold pieces.
You spent 680 gold pieces at shops.

Inventory:

Hand Weapons
 Q - the +9 rapier of Neurosis (weapon) {speed, +Fly rC+++}
   (You bought it in a shop on level 6 of the Dungeon)

   Attacks with this weapon are significantly faster.
   It renders you almost immune to cold.
   It lets you fly.
Missiles
 K - 2 throwing nets (quivered)
Armour
 b - a +0 cloak of poison resistance (worn)
 k - a +2 hat of cold resistance (worn)
 p - a +2 cloak
 y - a +0 cloak of cold resistance
 A - a +0 buckler (worn)
 M - a +2 robe of fire resistance
 O - a +2 robe of magic resistance (worn)
Rods
 r - a +6 rod of shadows (13/13)
   (You found it in a labyrinth)
Jewellery
 a - a ring of wizardry (left hand)
 m - an uncursed ring of protection from cold
 s - a ring of protection from magic (right hand)
 x - an amulet of magic regeneration (around neck)
 D - an uncursed ring of protection from magic
Wands
 L - a wand of acid (8/15)
 T - a wand of digging (24/24)
 U - a wand of enslavement (13/24)
Scrolls
 g - 5 scrolls of enchant armour
 h - a scroll of enchant weapon
 j - a scroll of recharging
 n - 7 scrolls of fog
 q - 7 scrolls of teleportation
 v - 14 scrolls of remove curse
 C - 3 scrolls of amnesia
 H - 13 scrolls of identify
Potions
 e - 5 potions of invisibility
 f - 12 potions of curing
 i - 5 potions of agility
 l - 2 potions of heal wounds
 o - 2 potions of magic
 t - 13 potions of might
 w - 4 potions of brilliance
 z - 7 potions of lignification
 B - 4 potions of resistance
 E - 4 potions of flight
 G - 2 potions of ambrosia
 J - 5 potions of haste
 N - 3 potions of cancellation
 P - a potion of berserk rage
 S - 3 potions of cure mutation
Books
 c - a book of Maledictions

   Spells                             Type                      Level
   a - Corona                         Hexes                        1
   b - Ensorcelled Hibernation        Hexes/Ice                    2
   c - Confuse                        Hexes                        3
   d - Tukima's Dance                 Hexes                        3
   e - Dazzling Spray                 Conjuration/Hexes            3
 u - a book of Envenomations

   Spells                             Type                      Level
   a - Spider Form                    Transmutation/Poison         3
   b - Olgreb's Toxic Radiance        Poison                       4
   c - Alistair's Intoxication        Transmutation/Poison         5
   d - Poisonous Cloud                Conjuration/Poison/Air       6
 I - a book of the Sky

   Spells                             Type                      Level
   a - Summon Lightning Spire         Summoning/Air                4
   b - Airstrike                      Air                          4
   c - Silence                        Hexes/Air                    5
   d - Deflect Missiles               Charms/Air                   6
   e - Conjure Ball Lightning         Conjuration/Air              6
   f - Tornado                        Air                          9
 W - a manual of Shields
 X - a book of the Dragon

   Spells                             Type                      Level
   a - Flame Tongue                   Conjuration/Fire             1
   b - Cause Fear                     Hexes                        4
   c - Bolt of Fire                   Conjuration/Fire             6
   d - Dragon Form                    Transmutation                7
   e - Dragon's Call                  Summoning                    9
 Y - a book of the Tempests

   Spells                             Type                      Level
   a - Static Discharge               Conjuration/Air              3
   b - Lightning Bolt                 Conjuration/Air              5
   c - Fireball                       Conjuration/Fire             5
   d - Tornado                        Air                          9
   e - Shatter                        Earth                        9
 Z - a Grand Grimoire

   Spells                             Type                      Level
   a - Monstrous Menagerie            Summoning                    7
   b - Summon Greater Demon           Summoning                    7
   c - Malign Gateway                 Summoning/Translocation      7
   d - Summon Horrible Things         Summoning                    8
Comestibles
 d - 28 bread rations
 F - 15 fruits


   Skills:
 + Level 11.1 Fighting
 + Level 14.8 Short Blades
 + Level 19.4 Dodging
 - Level 13.2 Stealth
 - Level 9.1 Shields
 - Level 12.3 Spellcasting
 - Level 13.7 Hexes
 - Level 11.0 Charms
 - Level 7.2 Air Magic
 - Level 12.3 Invocations


You had 23 spell levels left.
You knew the following spells:

 Your Spells              Type           Power        Failure   Level  Hunger
a - Corona                Hex            ######.      1%          1    None
b - Ensorcelled Hibernat  Hex/Ice        #####.       1%          2    None
c - Confuse               Hex            ######..     1%          3    None
d - Tukima's Dance        Hex            ######..     1%          3    None
e - Dazzling Spray        Conj/Hex       #####...     1%          3    None
f - Deflect Missiles      Chrm/Air       ######....   9%          6    #####..


Dungeon Overview and Level Annotations

Branches:
Dungeon (15/15)            Temple (1/1) D:6            Lair (8/8) D:11
  Swamp (0/4) Lair:4        Snake (4/4) Lair:4        Slime (0/6) Lair:7
    Orc (2/2) D:11            Elf (0/3) Orc:2        Vaults (2/5) D:13
 Depths (0/5) D:15
  Crypt: Vaults:2-3

Altars:
Ashenzari
Cheibriados
Dithmenos
Elyvilon
Fedhas
Gozag
Kikubaaqudgha
Makhleb
Nemelex Xobeh
Okawaru
Pakellas
Qazlal
Ru
Sif Muna
Trog
Vehumet
Xom
Yredelemnul
Zin
The Shining One
Beogh

Shops:
D:6 =}[(%   D:7 %   D:8 *   Orc:2 (?%}   Snake:3 *!

Portals:
Trove: D:11 (give 7 scrolls of blinking)

Annotations:
Lair:4 exclusion: ice statue
Snake:4 exclusion: Roxanne, Roxanne


Innate Abilities, Weirdness & Mutations

You are tiny and cannot use many weapons and most armour.
You have supernaturally acute eyesight.
You are a herbivore.
You cover ground extremely quickly.
You need consume almost no food.
You are partially covered in molten scales (AC +1).
Your magical capacity is low (-10% MP).
You are somewhat resistant to further mutation.
You are resistant to electric shocks.


Message History

Okay, then.
Unknown command.
Casting: Confuse
Confirm with . or Enter, or press ? or * to list all spells.
Aiming: Confuse
Press: ? - help, Shift-Dir - straight line, f/p - vault warden
Aim: a vault warden, wearing a chain mail and wearing a large shield (umbra, chance to defeat MR: 45%)
The vault warden resists with some effort.
The runic seal fades away.
Casting: Confuse
Confirm with . or Enter, or press ? or * to list all spells.
Aiming: Confuse
Press: ? - help, Shift-Dir - straight line, f/p - vault warden
Aim: a vault warden, wearing a chain mail and wearing a large shield (umbra, chance to defeat MR: 45%)
The vault warden appears confused.
Your shadow mimicks your spell!
The vault warden appears confused.
Your broad axe hits the vault warden.
The vault warden hits you!!
You die...

#############
#.....@p....#
#.....(....(#
+...)......(#
#....<......#
#...()).....#
#...)...(...#
#...(.).....#
#......(....#
#############


You could see a vault warden (confused) and a friendly broad axe.

Vanquished Creatures
  Norris (Snake:4)
  A frost giant (IceCv)
  15 greater nagas
  An ironheart preserver (Vaults:1)
  Snorg (Lair:6)
  A vault guard (D:11)
  A minotaur (Lab)
  A great orb of eyes (Vaults:1)
  4 ogre magi (Vaults:1)
  A fire dragon (D:15)
  A yaktaur captain (Vaults:1)
  A rakshasa (D:15)
  2 ice dragons
  19 naga warriors
  7 hydras
  A death knight (Vaults:1)
  3 catoblepae (Lair:8)
  18 anacondas
  12 death yaks
  2 tengu warriors (D:13)
  7 centaur warriors
  A deep troll shaman (Vaults:1)
  8 orc high priests (Orc:2)
  13 naga sharpshooters
  10 shock serpents
  Nergalle (Lair:1)
  7 skeletal warriors
  A shadow wraith (Vaults:1)
  8 deep trolls (Vaults:1)
  2 unseen horrors
  5 hill giants
  10 naga ritualists
  Pikel (D:5)
  4 ironbrand convokers (Vaults:1)
  6 mana vipers
  A wolf spider zombie (D:14)
  A wizard (D:15)
  4 griffons
  3 orc knights
  2 hornets (Vaults:1)
  7 salamanders
  5 cyclopes
  An orc sorcerer (Vaults:1)
  17 ugly things
  A manticore (D:12)
  2 deep elf magi
  21 naga magi
  Maurice (Orc:2)
  5 elephants (Lair:8)
  2 centaur zombies
  32 black mambas
  15 guardian serpents
  2 vault sentinels (Vaults:1)
  7 spiny frogs
  2 centaur skeletons (D:13)
  3 gargoyles
  4 kobold demonologists
  A torpor snail (Lair:5)
  3 rime drakes
  11 komodo dragons
  18 yaktaurs
  3 freezing wraiths (Vaults:1)
  A redback zombie (D:14)
  A tengu conjurer (D:13)
  7 trolls
  18 polar bears
  A dancing weapon (Vaults:1)
  11 two-headed ogres
  10 blink frogs
  A blink frog (shapeshifter) (D:14)
  2 boulder beetles
  Grinder (D:3)
  A boulder beetle (shapeshifter) (Vaults:1)
  9 slime creatures
  2 shadows
  A water elemental (D:15)
  4 wraiths
  75 yaks
  A vampire (D:13)
  3 wyverns
  Eustachio (D:4)
  4 basilisks
  A hog (D:9)
  16 humans
  2 steam dragons
  11 hippogriffs
  4 hungry ghosts
  17 vampire mosquitoes
  56 nagas
  7 wargs (Orc:2)
  13 water moccasins
  9 porcupines
  18 ice beasts
  8 orc warriors
  A wasp (D:15)
  4 slaves (D:5)
  A black bear (Lair:5)
  An eye of draining (D:12)
  7 sky beasts
  2 phantoms
  6 centaurs
  22 ogres
  A necrophage (D:10)
  4 boggarts (Vaults:1)
  23 wolves
  6 big kobolds
  15 crocodiles
  22 giant frogs
  A wyvern zombie (D:13)
  A wyvern skeleton (D:6)
  5 scorpions
  3 killer bees (D:8)
  6 wights
  An electric eel (Lair:2)
  4 howler monkeys (D:8)
  7 crimson imps
  4 giant frog zombies
  A wasp zombie (D:8)
  5 hounds
  7 jellies
  Crazy Yiuf (D:2)
  29 orc priests
  12 iguanas
  Ijyb (D:2)
  10 orc wizards
  8 worker ants
  29 sheep
  5 mummies (Ossuary)
  A howler monkey skeleton (D:4)
  21 adders
  7 gnolls
  34 river rats
  2 shadow imps
  3 white imps (Lair:4)
  2 adder zombies
  4 worms
  A dart slug (D:3)
  8 giant geckos
  76 orcs
  2 bats (D:1)
  5 giant cockroaches
  A gnoll zombie (Ossuary)
  4 goblins
  4 hobgoblins
  7 jackals
  20 kobolds
  7 quokkas
  A ball python (D:4)
  4 giant newts
  2 hobgoblin zombies (Ossuary)
  2 jackal skeletons
  2 kobold zombies (Ossuary)
  An orc zombie (Ossuary)
  A quokka zombie (D:8)
  10 rats
1154 creatures vanquished.

Vanquished Creatures (collateral kills)
  An ironheart preserver (Vaults:1)
  An ogre mage (Vaults:1)
  2 hill giants (D:10)
  An orc knight (Vaults:1)
  A human (D:13)
  5 nagas
  3 orc warriors
  An ogre (Vaults:1)
  A wight (D:11)
  A giant frog zombie (D:10)
  2 orc priests
  5 orcs
24 creatures vanquished.

Vanquished Creatures (others)
  Josephine (Lair:5)
  A harpy (Vaults:1)
  A yaktaur (Vaults:2)
  13 dancing weapons
  A bush (Lair:5)
  9 fungi
  21 plants
47 creatures vanquished.

Grand Total: 1225 creatures vanquished

Notes
Turn   | Place    | Note
--------------------------------------------------------------
     0 | D:1      | oplop the Spriggan Enchanter began the quest for the Orb.
     0 | D:1      | Reached XP level 1. HP: 9/9 MP: 5/5
   189 | D:1      | Reached XP level 2. HP: 13/13 MP: 4/6
   193 | D:1      | Learned a level 2 spell: Ensorcelled Hibernation
  1045 | D:2      | Found a faded altar to an unknown god.
  1122 | D:2      | Reached XP level 3. HP: 11/16 MP: 8/8
  1417 | D:2      | Noticed Crazy Yiuf
  1435 | D:2      | Learned a level 3 spell: Tukima's Dance
  1446 | D:2      | Killed Crazy Yiuf
  1446 | D:2      | Reached XP level 4. HP: 21/21 MP: 5/9
  1541 | D:3      | Reached skill level 5 in Stealth
  1648 | D:3      | Reached skill level 4 in Dodging
  1650 | D:3      | Noticed Ijyb
  1696 | D:2      | Killed Ijyb
  1696 | D:2      | Reached skill level 5 in Hexes
  1696 | D:2      | Reached XP level 5. HP: 10/24 MP: 4/11
  1861 | D:3      | Found a snail-covered altar of Cheibriados.
  1987 | D:3      | Noticed Grinder
  1989 | D:3      | Paralysed by Grinder for 7 turns
  2129 | D:3      | Learned a level 3 spell: Confuse
  2152 | D:3      | Killed Grinder
  2152 | D:3      | Reached XP level 6. HP: 27/28 MP: 10/14
  2517 | D:4      | Noticed Eustachio
  2533 | D:4      | Killed Eustachio
  2533 | D:4      | Reached skill level 5 in Dodging
  2533 | D:4      | Reached skill level 5 in Spellcasting
  2533 | D:4      | Reached XP level 7. HP: 32/32 MP: 11/15
  2603 | D:4      | Found a basalt altar of Yredelemnul.
  2887 | D:4      | Found an ancient bone altar of Kikubaaqudgha.
  3199 | D:4      | Learned a level 3 spell: Dazzling Spray
  3367 | D:5      | Entered Level 5 of the Dungeon
  3596 | D:5      | Found a sparkling altar of Nemelex Xobeh.
  3705 | D:5      | Noticed Pikel
  4249 | D:5      | Found a bloodstained altar of Trog.
  4303 | D:5      | Found a burning altar of Makhleb.
  4740 | D:5      | Found a shattered altar of Ashenzari.
  4778 | D:5      | Killed Pikel
  4778 | D:5      | Reached skill level 6 in Dodging
  4778 | D:5      | Reached XP level 8. HP: 36/36 MP: 11/20
  4868 | D:6      | Found Batezu Pey's Gadget Shop.
  4995 | D:6      | Found a glowing golden altar of the Shining One.
  5130 | D:6      | Found Ejo Sior's Food Shoppe.
  5142 | D:6      | Bought 3 fruits for 49 gold pieces
  5142 | D:6      | Bought 2 fruits for 33 gold pieces
  5142 | D:6      | Bought 5 fruits for 82 gold pieces
  5145 | D:6      | Found Gale's Antique Weapon Boutique.
  5192 | D:6      | Found Faiqudou's Antique Armour Emporium.
  5244 | D:6      | Found Teno's Jewellery Shoppe.
  5290 | D:6      | Found a basalt altar of Yredelemnul.
  5693 | D:6      | Found a sacrificial altar of Ru.
  5709 | D:6      | Found an opulent altar of Gozag.
  6007 | D:7      | Reached skill level 7 in Dodging
  6052 | D:7      | Found Arrecwa's Food Emporium.
  6060 | D:7      | Reached XP level 9. HP: 26/40 MP: 11/22
  6134 | D:7      | Reached skill level 1 in Fighting
  6285 | D:7      | Reached skill level 5 in Short Blades
  6616 | D:6      | Found a staircase to the Ecumenical Temple.
  6621 | Temple   | Entered the Ecumenical Temple
  6948 | D:8      | Found Zin's Purification Station.
  6953 | D:8      | Found a glowing silver altar of Zin.
  7056 | D:8      | Found a sand-covered staircase.
  7063 | Ossuary  | Entered an ossuary
  7069 | Ossuary  | Noticed ThereIsNoGod's ghost (novice DrTm)
  7715 | D:8      | Reached skill level 8 in Dodging
  7942 | D:8      | Found a shimmering altar of Xom.
  7957 | D:8      | Found a shadowy altar of Dithmenos.
  7973 | D:8      | Became a worshipper of Dithmenos the Shadowed
  8058 | D:8      | Gained mutation: Your magical capacity is low (-10% MP). [potion of mutation]
  8058 | D:8      | Gained mutation: You are partially covered in molten scales (AC +1). [potion of mutation]
  8058 | D:8      | Gained mutation: You are resistant to electric shocks. [potion of mutation]
  8059 | D:8      | Gained mutation: You are somewhat resistant to further mutation. [potion of mutation]
  8401 | D:9      | Reached skill level 10 in Stealth
  8453 | D:9      | Reached XP level 10. HP: 46/48 MP: 17/21
  8651 | D:6      | Bought a shimmering rapier for 261 gold pieces
  8651 | D:6      | Identified the +9 rapier of Neurosis {speed, +Fly rC+++} (You bought it in a shop on level 6 of the Dungeon)
  9170 | D:10     | Entered Level 10 of the Dungeon
  9180 | D:10     | Noticed a hill giant
  9202 | D:10     | Killed a hill giant
  9202 | D:10     | Reached * piety under Dithmenos
  9202 | D:10     | Reached skill level 9 in Dodging
  9204 | D:10     | Noticed a purple ugly thing
  9566 | D:10     | Reached skill level 10 in Spellcasting
  9772 | D:10     | Noticed an unseen horror
  9779 | D:10     | Killed an unseen horror
  9779 | D:10     | Reached skill level 10 in Dodging
  9843 | D:10     | Killed a purple ugly thing
  9872 | D:10     | Noticed a hill giant
  9896 | D:10     | Reached XP level 11. HP: 29/54 MP: 14/23
  9896 | D:10     | Killed a hill giant
 10080 | D:11     | Found a staircase to the Lair.
 10085 | D:11     | Noticed a hill giant
 10104 | D:11     | Reached ** piety under Dithmenos
 10116 | D:11     | Killed a hill giant
 10227 | D:11     | Got a bone triple sword
 10228 | D:11     | Identified the +3 triple sword of Abuse {drain, rElec Str+4} (You found it on level 11 of the Dungeon)
 10331 | D:11     | Noticed a vault guard
 10446 | D:11     | Found a staircase to the Orcish Mines.
 10536 | D:11     | Reached skill level 5 in Fighting
 10556 | D:11     | Reached skill level 11 in Dodging
 11104 | D:11     | Found a portal to a secret trove of treasure.
 11465 | D:12     | Found a labyrinth entrance.
 11472 | D:12     | Noticed an orb spider
 11472 | D:12     | a tarantella changed into an orb spider
 11475 | Lab      | Entered a labyrinth
 11591 | Lab      | Noticed a minotaur
 11627 | Lab      | Killed a minotaur
 11627 | Lab      | Reached *** piety under Dithmenos
 11655 | Lab      | Got an encrusted broad axe
 11656 | Lab      | Identified the cursed +3 broad axe of Quantum Leap {flame, MP-9 Str+5} (You found it in a labyrinth)
 11787 | D:12     | Noticed a shining eye
 12201 | D:12     | Reached XP level 12. HP: 28/61 MP: 24/25
 12398 | D:12     | Noticed an eight-headed hydra
 12415 | D:12     | Killed an eight-headed hydra
 12415 | D:12     | Reached skill level 12 in Dodging
 12646 | D:12     | Identified a +6 rod of shadows (13/13) (You found it in a labyrinth)
 12811 | D:13     | Reached **** piety under Dithmenos
 12932 | D:13     | Reached skill level 10 in Short Blades
 12975 | D:13     | Noticed a tengu warrior
 12986 | D:13     | Killed a tengu warrior
 12994 | D:13     | Reached skill level 13 in Dodging
 13005 | D:13     | Found a gate to the Vaults.
 13119 | D:13     | Noticed a tengu warrior
 13126 | D:13     | Killed a tengu warrior
 13237 | D:13     | Noticed a six-headed hydra
 13362 | D:13     | Reached skill level 1 in Shields
 13551 | D:14     | Noticed a centaur warrior
 13559 | D:14     | Killed a centaur warrior
 13592 | D:14     | Reached XP level 13. HP: 67/67 MP: 27/27
 13686 | D:14     | Reached skill level 5 in Shields
 13998 | D:15     | Entered Level 15 of the Dungeon
 14258 | D:15     | Reached skill level 14 in Dodging
 14410 | D:15     | Reached skill level 1 in Invocations
 14456 | D:15     | Noticed a fire dragon
 14460 | D:15     | Found a staircase to the Depths.
 14471 | D:15     | Killed a fire dragon
 14762 | D:15     | Found a deep blue altar of Sif Muna.
 14971 | D:11     | Reached ***** piety under Dithmenos
 14999 | Lair:1   | Entered Level 1 of the Lair of Beasts
 15135 | Lair:1   | Noticed Nergalle
 15142 | Lair:1   | Killed Nergalle
 16566 | Lair:3   | Found a frozen archway.
 16601 | IceCv    | Entered an ice cave
 16639 | IceCv    | Reached XP level 14. HP: 58/74 MP: 24/28
 16769 | IceCv    | Reached skill level 5 in Invocations
 16911 | IceCv    | Noticed a frost giant
 16917 | IceCv    | Killed a frost giant
 16917 | IceCv    | Reached skill level 15 in Dodging
 18355 | Lair:4   | Found a staircase to the Snake Pit.
 18791 | Lair:4   | Found a staircase to the Swamp.
 19308 | Lair:5   | Noticed Josephine
 20010 | Lair:5   | Killed Josephine
 20028 | Lair:5   | Reached ****** piety under Dithmenos
 20679 | Lair:6   | Noticed Snorg
 20686 | Lair:6   | Killed Snorg
 21049 | Lair:6   | Reached skill level 16 in Dodging
 21178 | Lair:7   | Found a staircase to the Slime Pits.
 21180 | Lair:7   | Reached XP level 15. HP: 72/79 MP: 29/29
 21862 | Lair:8   | Entered Level 8 of the Lair of Beasts
 22994 | Lair:8   | Learned a level 6 spell: Deflect Missiles
 23210 | Snake:1  | Entered Level 1 of the Snake Pit
 23218 | Snake:1  | Reached skill level 10 in Invocations
 23342 | Orc:1    | Entered Level 1 of the Orcish Mines
 23397 | Orc:2    | Entered Level 2 of the Orcish Mines
 23422 | Orc:2    | Found a staircase to the Elven Halls.
 23505 | Orc:2    | Found Bigom's Weapon Emporium.
 23512 | Orc:2    | Reached skill level 1 in Charms
 23542 | Orc:2    | Reached skill level 1 in Air Magic
 23796 | Orc:2    | Noticed Maurice
 23799 | Orc:2    | Killed Maurice
 24055 | Orc:2    | Found Vemuemuf's Food Emporium.
 24055 | Orc:2    | Found Ypiptel's Gadget Shop.
 24170 | Orc:2    | Bought a bread ration for 60 gold pieces
 24170 | Orc:2    | Bought a bread ration for 60 gold pieces
 24170 | Orc:2    | Bought a bread ration for 60 gold pieces
 24406 | Orc:2    | Found a roughly hewn altar of Beogh.
 24434 | Orc:2    | Found Nejaytit's Magic Scroll Shop.
 24460 | Orc:2    | Reached skill level 10 in Fighting
 24484 | Orc:2    | Bought a scroll of teleportation for 45 gold pieces
 24642 | Lair:1   | Got an ichor-stained robe
 24653 | Lair:1   | Identified the cursed +0 robe "Riut" {rN++ Str-3 Dex+4} (You found it on level 1 of the Lair of Beasts)
 25553 | Snake:1  | Reached XP level 16. HP: 85/85 MP: 30/30
 25986 | Snake:2  | Reached skill level 17 in Dodging
 26844 | Snake:2  | Reached skill level 10 in Hexes
 27172 | Snake:3  | Found Pavybeun's Practical Paraphernalia.
 27500 | Snake:3  | Reached skill level 18 in Dodging
 27949 | Snake:3  | Found Xyheocuo's Distillery.
 28373 | Snake:3  | Bought a slice of pizza for 15 gold pieces
 28373 | Snake:3  | Bought a slice of pizza for 15 gold pieces
 28916 | Snake:4  | Entered Level 4 of the Snake Pit
 29620 | Snake:4  | Reached skill level 5 in Charms
 30009 | Snake:4  | Reached XP level 17. HP: 89/89 MP: 16/31
 30775 | Snake:4  | Noticed Norris
 30795 | Snake:4  | Killed Norris
 30961 | Snake:4  | Reached skill level 5 in Air Magic
 30980 | Snake:4  | Noticed Roxanne
 32115 | Snake:4  | Reached skill level 10 in Charms
 33075 | Snake:4  | Got a serpentine rune of Zot
 33136 | Snake:4  | HP: 4/89 [salamander/halberd (14)]
 33647 | Vaults:1 | Entered Level 1 of the Vaults
 34348 | Vaults:1 | Reached XP level 18. HP: 95/95 MP: 29/31
 35325 | Vaults:1 | Reached skill level 19 in Dodging
 36254 | Vaults:2 | Mangled by a vault warden

Skill      XL: |  1  2  3  4  5  6  7  8  9 10 11 12 13 14 15 16 17 18 |
---------------+-------------------------------------------------------+-----
Hexes          | 4 5 6 7 8 11 13 | 13.7
Spellcasting   | 3 4 5 7 8 9 10 11 12 | 12.3
Short Blades   | 2 3 4 6 7 9 10 11 12 13 14 | 14.8
Stealth        | 5 6 7 10 11 13 | 13.2
Dodging        | 4 5 6 7 8 10 11 13 14 16 18 19 | 19.4
Fighting       | 2 4 6 7 8 9 10 11 | 11.1
Shields        | 4 7 8 9 |  9.1
Invocations    | 4 8 10 12 | 12.3
Charms         | 4 6 11 | 11.0
Air Magic      | 2 4 7 |  7.2

Action                   |  1- 3 |  4- 6 |  7- 9 | 10-12 | 13-15 | 16-18 || total
-------------------------+-------+-------+-------+-------+-------+-------++-------
Melee: Dagger            |    89 |    92 |   129 |       |       |       ||   310
       Short sword       |       |       |   255 |     2 |       |       ||   257
       Rapier            |       |       |       |   513 |  1260 |  1007 ||  2780
Throw: Throwing net      |       |       |       |       |       |     1 ||     1
 Cast: Corona            |     6 |       |       |       |       |       ||     6
       Ensorcelled Hiber |     2 |    14 |    44 |    72 |    99 |    56 ||   287
       Tukima's Dance    |     1 |     2 |     4 |    16 |    34 |    34 ||    91
       Confuse           |       |     2 |    59 |    70 |    73 |    50 ||   254
       Dazzling Spray    |       |       |       |    17 |   190 |   346 ||   553
       Deflect Missiles  |       |       |       |       |       |     2 ||     2
Invok: Shadow Step       |       |       |       |       |     9 |     6 ||    15
       Shadow Form       |       |       |       |       |       |     1 ||     1
Evoke: Rod               |       |       |       |     2 |       |       ||     2
       Wand              |       |       |       |       |     3 |       ||     3
  Use: Scroll            |       |       |    22 |     7 |    13 |     8 ||    50
       Potion            |       |       |     4 |     1 |     3 |     7 ||    15
 Stab: Sleeping          |    12 |    25 |    48 |    79 |   205 |    89 ||   458
       Confused          |       |     3 |    26 |    40 |    34 |    30 ||   133
       Distracted        |       |     1 |     2 |     1 |     9 |    12 ||    25
       Invisible         |       |       |       |     4 |    88 |   151 ||   243
       Held in net/web   |       |       |       |       |       |     2 ||     2
  Eat: Bread ration      |       |     1 |       |       |       |       ||     1
       Pizza             |       |       |     1 |     4 |     8 |     4 ||    17
       Fruit             |       |       |       |       |       |     5 ||     5
Armor: Robe              |     9 |    14 |    34 |    24 |    37 |    20 ||   138
Dodge: Dodged            |    68 |    51 |   318 |   278 |   960 |   744 ||  2419
       Deflected         |       |       |       |       |       |     3 ||     3
Block: Buckler           |       |       |       |       |       |   155 ||   155
